 Dungeon Crawl Stone Soup version 0.19.1 (webtiles) character file.

4859 Entropy the Cleaver (level 10, -4/91 HPs)
             Began as a Minotaur Berserker on Mar 1, 2017.
             Was a High Priest of Trog.
             Slain by Erica
             ... wielding a +1 scimitar of flaming
              (10 damage)
             ... on level 9 of the Dungeon.
             The game lasted 00:44:26 (6332 turns).

Entropy the Cleaver (Minotaur Berserker)            Turns: 6332, Time: 00:44:27

Health: -4/91      AC:  6    Str: 31    XL:     10   Next: 25%
Magic:  9/9        EV: 13    Int:  4    God:    Trog [*****.]
Gold:   530        SH:  3    Dex:  7    Spells: 0 memorised, 9 levels left

rFire  + . .     SeeInvis .     a - +3 whip (freeze)
rCold  + + .     Gourm    .     I - +3 leather armour {rC+}
rNeg   . . .     Faith    .     u - +0 buckler
rPois  +         Spirit   .     (helmet restricted)
rElec  +         Reflect  .     (no cloak)
rCorr  +         Harm     .     (no gloves)
MR     +....                    (no boots)
Stlth  +.........               (no amulet)
                                (no ring)
                                C - ring of Qaceludd {rElec rC- MR+ Str+5}

@: exhausted, resistant, very slightly contaminated, starving, hasted and slowed
A: retaliatory headbutt, horns 2, clumsy 1, cold resistance 1, subdued magic 1
a: Berserk, Trog's Hand, Brothers in Arms, Burn Spellbooks, Renounce Religion


You were on level 9 of the Dungeon.
You worshipped Trog.
Trog was extremely pleased with you.
You were starving.

You visited 1 branch of the dungeon, and saw 9 of its levels.
You also visited: Ossuary.

You collected 530 gold pieces.

Inventory:

Hand Weapons
 a - a +3 whip of freezing (weapon)
 l - a +2 hand axe of venom
 x - the +1 quarterstaff of Uncertain Death {freeze, +Blink rN+ Int-5, unknown}
   (You found it on level 9 of the Dungeon)

   It has been specially enchanted to freeze those struck by it, causing extra
   injury to most foes and up to half again as much damage against particularly
   susceptible opponents.
   It can also slow down cold-blooded creatures.
   It affects your intelligence (-5).
   It protects you from negative energy.
   It lets you blink.
Armour
 n - a +0 chain mail
 u - a +0 buckler (worn)
 I - a +3 leather armour of cold resistance (worn)
Jewellery
 C - the ring of Qaceludd (left hand) {rElec rC- MR+ Str+5}
   (You found it on level 4 of the Dungeon)

   [ring of protection from magic]

   It affects your strength (+5).
   It makes you vulnerable to cold.
   It insulates you from electricity.
   It affects your resistance to hostile enchantments.
Wands
 i - a wand of acid (3/15)
 m - a wand of digging (6/24)
 s - a wand of acid (5/15)
 t - a wand of disintegration (14/24)
 G - a wand of iceblast (3/15)
Scrolls
 f - 11 scrolls of identify
 o - a scroll of remove curse
 r - a scroll of amnesia
 v - 2 scrolls of teleportation
 E - 4 scrolls of enchant weapon
 H - a scroll of fear
Potions
 b - 3 potions of invisibility
 h - 4 potions of flight
 j - 2 potions of berserk rage
 p - 2 potions of might
 B - 2 potions of resistance
 D - 3 potions of curing
Books
 q - a book of Minor Magic

   Spells                             Type                      Level
   a - Magic Dart                     Conjuration                  1
   b - Blink                          Translocation                2
   c - Call Imp                       Summoning                    2
   d - Repel Missiles                 Charms/Air                   2
   e - Slow                           Hexes                        2
   f - Conjure Flame                  Conjuration/Fire             3
   g - Mephitic Cloud                 Conjuration/Poison/Air       3
   Trog disapproves of the use of such an item.
Comestibles
 c - 4 bread rations
 d - 3 beef jerkies
 k - a royal jelly
 w - 10 chunks of flesh
 z - 16 fruits


   Skills:
 + Level 9.0 Fighting
 - Level 9.9(11.3) Axes
 * Level 9.0(10.9) Maces & Flails
 + Level 7.2 Armour
 + Level 5.7 Dodging
 + Level 1.6 Stealth
 + Level 2.1 Shields


You had 9 spell levels left.
You didn't know any spells.

Dungeon Overview and Level Annotations

Branches:
Dungeon (9/15)             Temple (0/1) D:4
   Lair: D:8-11         Orc: D:9-12

Altars:
Ashenzari
Dithmenos
Kikubaaqudgha
Nemelex Xobeh
Okawaru
Qazlal
Ru
Sif Muna
Uskayaw
Vehumet
Xom
Zin

Annotations:
D:9 Erica


Innate Abilities, Weirdness & Mutations

You reflexively headbutt those who attack you in melee.
You have a pair of horns on your head.
You are clumsy. (Dex -2)
Your flesh is cold resistant. (rC+)
Your spells are a little easier to cast, but a little less powerful.


Message History

An orb of energy appears from out of thin air!
The orb of energy misses you.
The orb of energy explodes!
You hear some strange, mumbled words.
An orb of energy appears from out of thin air!
The orb of energy hits you!
* * * LOW HITPOINT WARNING * * *
The orb of energy explodes!
You hear an angry buzzing noise. x3
You are very lightly contaminated with residual magic.
You feel better. Something hits you.
* * * LOW HITPOINT WARNING * * *
Something burns you.
* * * LOW HITPOINT WARNING * * *
You feel protected. Something hits you!
* * * LOW HITPOINT WARNING * * *
Something burns you.
* * * LOW HITPOINT WARNING * * *
You feel better. Something hits you!
You die...

.. .#.........## !
#.. ..........#..# .#
#.# ..#.#....F#F.#.#
#..#
..............(##
.... #......y........
#..# #........#
#...####..y..########
#.###.....##.....##
##@#(<.............
##{y).............
#ay..............
#........<.......
#...........รท....
#................
#................
##..............#
##.....##.....##


You could see a worker ant and 2 killer bees.

Vanquished Creatures
  A hill giant (D:8)
  Pikel (D:7)
  Joseph (D:8)
  Psyche (D:8)
  The ghost of PrincessPwny the Cudgeler, an amateur TrBe of Trog (D:4)
  A hippogriff (D:7)
  A hungry ghost (D:9)
  2 water moccasins
  A sky beast (D:6)
  An orc warrior (D:7)
  A necrophage (D:5)
  3 slaves (D:7)
  2 ogres
  2 phantoms
  5 centaurs
  A big kobold (D:8)
  3 bullfrogs
  2 scorpions
  3 killer bees (D:9)
  4 crimson imps
  A quasit (D:7)
  A bullfrog zombie (D:8)
  4 bullfrog skeletons
  An orc priest (D:5)
  4 hounds
  5 orc wizards
  3 worker ants
  An iguana (D:6)
  A killer bee zombie (D:6)
  3 hound zombies
  A hound skeleton (D:8)
  4 mummies (Ossuary)
  8 adders
  3 shadow imps
  An adder skeleton (D:8)
  4 worms (D:2)
  A dart slug (D:1)
  8 leopard geckos
  23 orcs
  A bat (D:2)
  8 giant cockroaches
  A gnoll zombie (Ossuary)
  9 goblins
  5 hobgoblins
  3 quokkas
  2 ball pythons
  5 frilled lizards
  2 goblin zombies (Ossuary)
  A hobgoblin zombie (Ossuary)
  A jackal zombie (Ossuary)
  9 kobolds
  A kobold zombie (Ossuary)
  An orc zombie (Ossuary)
  6 rats
  3 rat zombies (Ossuary)
172 creatures vanquished.

Notes
Turn   | Place    | Note
-------+----------+-------------------------------------------
     0 | D:1      | Entropy the Minotaur Berserker began the quest for the Orb.
     0 | D:1      | Reached XP level 1. HP: 19/19 MP: 0/0
   140 | D:1      | Reached XP level 2. HP: 17/27 MP: 1/1
   712 | D:2      | Reached XP level 3. HP: 33/33 MP: 2/2
  1282 | D:2      | Reached XP level 4. HP: 37/41 MP: 3/3
  1407 | D:3      | Reached ** piety under Trog
  2171 | D:4      | Noticed a centaur
  2177 | D:4      | Killed a centaur
  2177 | D:4      | Reached skill level 5 in Fighting
  2177 | D:4      | Reached skill level 1 in Axes
  2177 | D:4      | Reached XP level 5. HP: 26/48 MP: 4/4
  2324 | D:4      | Noticed PrincessPwny's ghost (amateur TrBe)
  2332 | D:4      | Killed PrincessPwny's ghost
  2332 | D:4      | Reached skill level 5 in Armour
  2332 | D:4      | Reached XP level 6. HP: 56/56 MP: 5/5
  2354 | D:4      | Found an iron altar of Okawaru.
  2468 | D:4      | Reached XP level 7. HP: 60/61 MP: 6/6
  2571 | D:4      | Found a staircase to the Ecumenical Temple.
  2617 | D:4      | Got a scorched lead ring
  2618 | D:4      | Identified the ring of Qaceludd {rElec rC- MR+ Str+5} (You found it on level 4 of the Dungeon)
  2802 | D:5      | Entered Level 5 of the Dungeon
  2881 | D:5      | Reached *** piety under Trog
  2889 | D:5      | Reached skill level 5 in Axes
  3296 | D:5      | Found a stormy altar of Qazlal.
  3296 | D:5      | Found a radiant altar of Vehumet.
  3566 | D:6      | Found a hide-covered altar of Uskayaw.
  3602 | D:6      | Reached XP level 8. HP: 47/70 MP: 7/7
  3636 | D:6      | Gained mutation: Your spells are a little easier to cast, but a little less powerful. [potion of mutation]
  3636 | D:6      | Gained mutation: You are clumsy. (Dex -2) [potion of mutation]
  3636 | D:6      | Gained mutation: Your flesh is cold resistant. (rC+) [potion of mutation]
  3702 | D:6      | Found a radiant altar of Vehumet.
  3708 | D:6      | Found a deep blue altar of Sif Muna.
  3909 | D:6      | Found an ancient bone altar of Kikubaaqudgha.
  4351 | D:7      | Noticed Pikel
  4361 | D:7      | Killed Pikel
  4361 | D:7      | Reached skill level 1 in Stealth
  4416 | D:7      | Reached XP level 9. HP: 70/78 MP: 8/8
  4624 | D:7      | Reached **** piety under Trog
  4654 | D:7      | Found a shattered altar of Ashenzari.
  4654 | D:7      | Found a sparkling altar of Nemelex Xobeh.
  4654 | D:7      | Found an iron altar of Okawaru.
  4655 | D:7      | Found a shimmering altar of Xom.
  4655 | D:7      | Found a glowing silver altar of Zin.
  4656 | D:7      | Found a sacrificial altar of Ru.
  4657 | D:7      | Found a shadowy altar of Dithmenos.
  4875 | D:7      | Reached skill level 5 in Maces & Flails
  5158 | D:7      | Reached skill level 1 in Shields
  5234 | D:8      | Noticed Psyche
  5235 | D:8      | Noticed Joseph
  5236 | D:8      | Killed Psyche
  5236 | D:8      | Reached skill level 5 in Dodging
  5242 | D:8      | Killed Joseph
  5389 | D:8      | Found a sand-covered staircase.
  5399 | Ossuary  | Entered an ossuary
  5632 | D:8      | Noticed a hill giant
  5636 | D:8      | Killed a hill giant
  5755 | D:8      | Reached XP level 10. HP: 84/90 MP: 9/9
  5932 | D:8      | Reached ***** piety under Trog
  6281 | D:9      | Got a pitted quarterstaff
  6288 | D:9      | Noticed Erica
  6331 | D:9      | HP: 2/91 [something (9)]
  6332 | D:9      | Slain by Erica

Skill      XL: |  1  2  3  4  5  6  7  8  9 10 |
---------------+-------------------------------+-----
Fighting       | 4 5 6 8 9 |  9.0
Maces & Flails | 4 7 9 |  9.0
Armour         | 3 5 6 7 |  7.2
Axes           | 1 4 7 9 |  9.9
Dodging        | 3 5 |  5.7
Stealth        | 1 |  1.6
Shields        | 1 2 |  2.1

Action                   |  1- 3 |  4- 6 |  7- 9 | 10-12 || total
-------------------------+-------+-------+-------+-------++-------
Melee: Mace              |    93 |    28 |       |       ||   121
       Headbutt          |    13 |    12 |    42 |    19 ||    86
       Hand axe          |       |    46 |   110 |       ||   156
       Whip              |       |       |   119 |    90 ||   209
Invok: Burn Spellbooks   |       |     1 |     2 |       ||     3
       Berserk           |       |     1 |     7 |     1 ||     9
Evoke: Wand              |       |       |     1 |     1 ||     2
  Use: Scroll            |       |     6 |     8 |     4 ||    18
       Potion            |       |       |     9 |     9 ||    18
  Eat: Chunk             |     1 |     5 |    16 |     2 ||    24
Armor: Animal skin       |     3 |       |       |       ||     3
       Chain mail        |    27 |    30 |    14 |       ||    71
       Leather armour    |       |       |    40 |    21 ||    61
Dodge: Dodged            |    40 |    27 |   107 |    41 ||   215
Block: Buckler           |       |       |    12 |    11 ||    23
